 Dungeon Crawl Stone Soup version 0.27-a0-223-ge082b6e869 (webtiles) character file.

Game seed: 13163472988875665992

18711 jasper the Unseen (level 12, -34/63 HPs)
             Began as a Spriggan Enchanter on Feb 1, 2021.
             Was a Believer of Ashenzari.
             Killed from afar by a will-o-the-wisp (37 damage)
             ... with a foxfire
             ... on level 1 of the Lair of Beasts.
             The game lasted 00:30:45 (16850 turns).

jasper the Unseen (Spriggan Enchanter)             Turns: 16850, Time: 00:30:45

Health: -34/63     AC:  4    Str:  4    XL:     12   Next: 30%
Magic:  26/27      EV: 30    Int: 21    God:    Ashenzari [**....]
Gold:   653        SH:  0    Dex: 17    Spells: 12/31 levels left

rFire    . . .     SeeInvis +   e - +0 dagger (venom) (curse)
rCold    . . .     Faith    .   (shield restricted)
rNeg     . . .     Spirit   .   b - +0 robe
rPois    .         Reflect  .   m - +1 hat
rElec    .         Harm     .   H - +0 cloak
rCorr    +         Rampage  .   (gloves unavailable)
Will     +++..                  (boots unavailable)
Stlth    ++++++....             (no amulet)
HPRegen  0.20/turn              I - ring of resist corrosion (curse)
MPRegen  0.20/turn              E - ring of willpower (curse)

@: studying Invocations, very quick
A: very small, unfitting armour, see invisible, speed 3
a: Renounce Religion, Curse Item, Scrying


You were on level 1 of the Lair of Beasts.
You worshipped Ashenzari.
Ashenzari was pleased with you.
You visited 2 branches of the dungeon, and saw 12 of its levels.

You collected 933 gold pieces.
You spent 280 gold pieces at shops.

Inventory:

Hand Weapons
 a - a +1 dagger
 e - a cursed +0 dagger of venom (weapon)
 w - a +0 rapier
 x - a +3 dagger of freezing
Missiles
 f - 79 poisoned darts (quivered)
 M - a throwing net
Armour
 b - a +0 robe (worn)
 m - a +1 hat (worn)
 H - a +0 cloak (worn)
 P - a scarf of repulsion
Magical Staves
 Q - an uncursed staff of cold
Jewellery
 i - an uncursed ring of flight
 E - a cursed ring of willpower (right hand)
 I - a cursed ring of resist corrosion (left hand)
 N - an uncursed ring of poison resistance
 S - a +6 ring of dexterity
 T - an uncursed ring of wizardry
Wands
 n - a wand of polymorph (8)
 y - a wand of mindburst (26)
 C - a wand of acid (8)
 D - a wand of random effects (11)
 F - a wand of iceblast (5)
 L - a wand of paralysis (8)
Scrolls
 g - 5 scrolls of enchant weapon {unknown}
 j - 3 scrolls of random uselessness {unknown}
 l - 2 scrolls of remove curse
 o - 6 scrolls of teleportation
 p - 2 scrolls of immolation {unknown}
 t - 6 scrolls of blinking
 u - 3 scrolls of magic mapping
 A - a scroll of fear {unknown}
 B - a scroll of noise {unknown}
 G - a scroll of brand weapon {unknown}
 R - 2 scrolls of fog
 U - a scroll of identify
Potions
 c - 3 potions of flight
 d - a potion of attraction
 h - 7 potions of curing
 k - 3 potions of berserk rage
 q - a potion of mutation
 r - a potion of lignification
 s - 3 potions of haste
 v - a potion of cancellation {unknown}
 z - a potion of magic {unknown}
 J - a potion of resistance {unknown}
 O - a potion of ambrosia {unknown}
Books
 K - a manual of Invocations


   Skills:
 + Level 7.1 Fighting
 - Level 5.6(7.9) Short Blades
 + Level 13.9 Dodging
 + Level 15.1 Stealth
 - Level 10.0 Spellcasting
 - Level 8.0(9.4) Hexes
 * Level 3.6(5.0) Transmutations
 - Level 2.0(3.1) Ice Magic
 * Level 2.4(3.6) Earth Magic


You had 12 spell levels left.
You knew the following spells:

 Your Spells              Type           Power        Failure   Level
a - Corona                Hex            55%          1%          1
b - Ensorcelled Hibernat  Hex/Ice        74%          1%          2
c - Confusing Touch       Hex            50%          1%          3
d - Tukima's Dance        Hex            50%          1%          3
e - Iskenderun's Mystic   Conj/Tloc      11%          52%         4
f - Petrify               Tmut/Erth      28%          11%         4
g - Swiftness             Air            11%          10%         2

Your spell library contained the following spells:

 Spells                   Type           Power        Failure   Level
 Dazzling Flash           Conj/Hex       60%          2%          3
 Magic Dart               Conj           44%          6%          1
 Shock                    Conj/Air       44%          6%          1
 Searing Ray              Conj           22%          9%          2
 Fulminant Prism          Conj/Hex       15%          9%          4
 Yara's Violent Unravell  Hex/Tmut       20%          10%         5
 Metabolic Englaciation   Hex/Ice        18%          14%         5
 Gell's Gravitas          Tloc           5%           19%         3
 Static Discharge         Conj/Air       11%          19%         3
 Airstrike                Air            5%           52%         4
 Lightning Bolt           Conj/Air       5%           86%         5


Dungeon Overview and Level Annotations

Branches:
Dungeon (11/15)            Temple (0/1) D:7            Lair (1/6) D:10
    Orc: D:9-12

Altars:
Ashenzari
Cheibriados
Hepliaklqana
Kikubaaqudgha
Okawaru
Qazlal
Ru
Vehumet
Wu Jian
Xom
Yredelemnul
Zin

Shops:
D:10 *

Annotations:
D:11 1 runed translucent door, Thatotherguy's ghost, journeyman HuCj


Innate Abilities, Weirdness & Mutations

You are very small and have problems with some larger weapons.
You are too small for most types of armour.
You have supernaturally acute eyesight. (SInv)
You cover ground extremely quickly.


Message History

As you read the scroll of blinking, it crumbles to dust.
Your hands stop glowing.
The will-o-the-wisp gestures.
The will-o-the-wisp conjures some foxfire! 2 foxfires come into view.
Evoke which item? (* to show all) (? for menu, Esc to quit)
Aiming: Iceblast
Press: ? - help, Shift-Dir - straight line, f - will-o-the-wisp
Aim: a will-o-the-wisp The mass of ice explodes!
The iceblast engulfs the will-o-the-wisp!
The will-o-the-wisp partially resists.
The will-o-the-wisp is moderately damaged.
The iceblast engulfs the foxfire!
The foxfire is lightly damaged.
The iceblast engulfs the foxfire!!
The foxfire is lightly damaged.
The foxfire hits you!!!
Ouch! That really hurt!
You die...

..................#.##.....##
#..##.........#.###.........#
#..#######...#..# #.........#
#..# #..###.###.........#
#..# #..# #..#..........#
...# #..###.............#
...# #..#.#.............#
#..P* #.......##.........#
##.### ####.>##.@P#......####
##.#P###.##..##vv##.....##
##.............§§P##.....## *
.............#.§§##.........
...............§§....#.##..#
.............##§v#..####,..#
.###....####.##§.#### *..#
#........##..#.....# ,.
.........#.#.#.....# *


You could see a will-o-the-wisp.

Vanquished Creatures
  A hydra (D:11)
  A boulder beetle (D:9)
  Erica (D:9)
  4 two-headed ogres
  Nergalle (D:10)
  A cyclops (D:11)
  An ugly thing (D:11)
  Maurice (D:10)
  A molten gargoyle (Lair:1)
  3 cane toads (Lair:1)
  A rime drake (D:10)
  A kobold demonologist (D:8)
  A komodo dragon (D:10)
  A troll (D:5)
  A hornet (D:11)
  2 wraiths
  13 yaks
  4 wyverns
  A basilisk (D:10)
  Grum (D:11)
  Edmund (D:4)
  3 vampire mosquitoes (Lair:1)
  An acid dragon (D:10)
  4 water moccasins
  3 orc warriors
  3 ice beasts
  2 black bears
  3 ogres
  8 centaurs
  3 necrophages
  3 wolves (D:11)
  3 phantoms
  16 big kobolds
  10 bullfrogs
  A gnoll sergeant (D:11)
  2 scorpions
  5 killer bees (D:11)
  A howler monkey (D:9)
  7 wights
  An electric eel (D:8)
  3 jellies
  11 hounds
  2 orc priests
  A bullfrog skeleton (D:9)
  6 human zombies (D:9)
  A centaur skeleton (D:7)
  Jessica (D:3)
  Natasha (thrice) (D:3)
  2 iguanas
  A human skeleton (D:9)
  5 orc wizards
  6 worker ants
  A killer bee zombie (D:5)
  A hound skeleton (D:5)
  A mummy (D:9)
  11 adders
  5 gnolls (D:11)
  A shadow imp (D:10)
  A white imp (D:5)
  An ooze (D:1)
  An adder zombie (D:9)
  3 adder skeletons
  2 worms (D:4)
  A dart slug (D:1)
  6 leopard geckos
  22 orcs
  2 ball pythons
  4 giant cockroaches
  12 goblins
  5 hobgoblins
  15 jackals
  2 quokkas
  8 bats
  5 frilled lizards
  A giant cockroach zombie (D:5)
  24 kobolds
  2 quokka skeletons
  A quokka zombie (D:5)
  3 rats
304 creatures vanquished.

Vanquished Creatures (others)
  A fire vortex (Lair:1)
  10 foxfires (Lair:1)
  A fungus (Lair:1)
  38 plants
50 creatures vanquished.

Grand Total: 354 creatures vanquished

Notes
Turn   | Place    | Note
-------+----------+-------------------------------------------
     0 | D:1      | jasper the Spriggan Enchanter began the quest for the Orb.
     0 | D:1      | Reached XP level 1. HP: 9/9 MP: 5/5
   184 | D:1      | Reached XP level 2. HP: 13/13 MP: 6/6
   187 | D:1      | Learned a level 2 spell: Ensorcelled Hibernation
   908 | D:1      | Reached XP level 3. HP: 16/16 MP: 8/8
  1686 | D:2      | Reached skill level 5 in Stealth
  2146 | D:2      | Learned a level 3 spell: Confusing Touch
  2560 | D:3      | Found a stormy altar of Qazlal.
  2561 | D:3      | Noticed a fire elemental
  2561 | D:3      | Noticed Natasha
  2568 | D:3      | Killed Natasha
  2569 | D:3      | Reached skill level 1 in Ice Magic
  2569 | D:3      | Reached XP level 4. HP: 21/21 MP: 6/9
  2615 | D:3      | Noticed an air elemental
  2623 | D:3      | Noticed Natasha
  2647 | D:3      | Killed Natasha
  2650 | D:3      | Noticed a water elemental
  2650 | D:3      | Noticed an earth elemental
  2783 | D:3      | Noticed Jessica
  2791 | D:3      | Killed Jessica
  2792 | D:3      | Reached XP level 5. HP: 24/24 MP: 5/10
  2837 | D:3      | Learned a level 3 spell: Tukima's Dance
  2939 | D:3      | Found a hazy altar of Hepliaklqana.
  3073 | D:3      | Noticed Natasha
  3094 | D:3      | Killed Natasha
  3729 | D:4      | Found an iron altar of Okawaru.
  3798 | D:4      | Noticed Edmund
  3801 | D:4      | Noticed an ogre
  3825 | D:4      | Killed Edmund
  3826 | D:4      | Reached skill level 6 in Stealth
  3826 | D:4      | Reached skill level 5 in Hexes
  3826 | D:4      | Reached XP level 6. HP: 13/28 MP: 3/11
  3947 | D:4      | Reached skill level 5 in Dodging
  4914 | D:5      | Entered Level 5 of the Dungeon
  4959 | D:5      | Reached XP level 7. HP: 32/32 MP: 9/12
  5412 | D:5      | Reached skill level 7 in Stealth
  5763 | D:5      | Found an ornate altar of the Wu Jian Council.
  5804 | D:5      | Noticed a troll
  6219 | D:5      | Identified the +9 long sword of Tender Mercy {vorpal,
                  | *Noise Int+6}
  6468 | D:6      | Found a radiant altar of Vehumet.
  6488 | D:6      | Noticed a two-headed ogre
  6507 | D:6      | Killed a two-headed ogre
  6508 | D:6      | Reached skill level 5 in Short Blades
  6508 | D:6      | Reached skill level 8 in Stealth
  6508 | D:6      | Reached XP level 8. HP: 36/36 MP: 13/13
  6530 | D:6      | Found a sacrificial altar of Ru.
  6892 | D:6      | Found a snail-covered altar of Cheibriados.
  7249 | D:7      | Reached skill level 9 in Stealth
  7454 | D:7      | Found a broken altar of Ashenzari.
  7488 | D:7      | Became a worshipper of Ashenzari the Shackled
  7580 | D:7      | Reached skill level 1 in Fighting
  7753 | D:7      | Reached XP level 9. HP: 29/41 MP: 8/15
  7911 | D:7      | Found a staircase to the Ecumenical Temple.
  8095 | D:7      | Found a shimmering altar of Xom.
  8437 | D:8      | Noticed a kobold demonologist
  8445 | D:8      | Killed a kobold demonologist
  8446 | D:8      | Reached skill level 10 in Stealth
  8656 | D:8      | Reached skill level 5 in Spellcasting
  8775 | D:8      | Noticed a two-headed ogre
  8779 | D:8      | HP: 2/43 [two-headed ogre/+0 giant club (21)]
  8784 | D:8      | Killed a two-headed ogre
  8785 | D:8      | Reached skill level 10 in Dodging
  8785 | D:8      | Reached skill level 11 in Stealth
  9177 | D:8      | Reached XP level 10. HP: 46/49 MP: 16/20
  9354 | D:8      | Reached * piety under Ashenzari
  9481 | D:8      | Learned a level 4 spell: Iskenderun's Mystic Blast
  9884 | D:8      | Noticed an angel
  9885 | D:8      | Found a glowing silver altar of Zin.
 10051 | D:9      | Noticed Erica
 10069 | D:9      | Killed Erica
 10070 | D:9      | Reached skill level 12 in Stealth
 10192 | D:9      | Noticed a two-headed ogre
 10213 | D:9      | Killed a two-headed ogre
 10381 | D:9      | Noticed a two-headed ogre
 10388 | D:9      | Killed a two-headed ogre
 10498 | D:9      | Noticed a boulder beetle
 10508 | D:9      | Killed a boulder beetle
 10509 | D:9      | Reached skill level 5 in Fighting
 10641 | D:9      | Reached skill level 13 in Stealth
 10671 | D:9      | Reached XP level 11. HP: 56/56 MP: 24/24
 10678 | D:9      | Found a basalt altar of Yredelemnul.
 10868 | D:10     | Entered Level 10 of the Dungeon
 10868 | D:10     | Noticed Maurice
 10872 | D:10     | Killed Maurice
 10994 | D:10     | Noticed Nergalle
 12900 | D:11     | Noticed a four-headed hydra
 12904 | D:11     | Killed a four-headed hydra
 13124 | D:11     | Noticed Grum
 13129 | D:11     | Reached ** piety under Ashenzari
 13144 | D:11     | Reached skill level 14 in Stealth
 13146 | D:11     | Killed Grum
 13278 | D:11     | Found a runed translucent door.
 13280 | D:11     | Noticed Thatotherguy's ghost (journeyman HuCj)
 13283 | D:11     | Identified the +4 trident of the Shrike {freeze, rElec
                  | Str+4}
 13889 | D:11     | Noticed a purple ugly thing
 13893 | D:11     | Killed a purple ugly thing
 13914 | D:11     | Found an ancient bone altar of Kikubaaqudgha.
 14392 | D:10     | Found a staircase to the Lair.
 14395 | D:10     | Reached skill level 10 in Spellcasting
 14726 | D:10     | Killed Nergalle
 14909 | D:10     | Found Plog's Island Escapes.
 15086 | D:10     | Bought a scroll of blinking for 105 gold pieces
 15086 | D:10     | Bought a scroll of blinking for 105 gold pieces
 15086 | D:10     | Bought a scroll of fog for 28 gold pieces
 15086 | D:10     | Bought a scroll of teleportation for 42 gold pieces
 15124 | Lair:1   | Entered Level 1 of the Lair of Beasts
 15144 | Lair:1   | Reached XP level 12. HP: 62/62 MP: 27/27
 15513 | Lair:1   | Learned a level 4 spell: Petrify
 15601 | Lair:1   | Reached skill level 1 in Transmutations
 15809 | Lair:1   | Learned a level 2 spell: Swiftness
 15895 | Lair:1   | Reached skill level 1 in Earth Magic
 15897 | Lair:1   | Reached skill level 15 in Stealth
 16848 | Lair:1   | HP: 3/63 [will-o-the-wisp/foxfire (20)]
 16850 | Lair:1   | Killed from afar by a will-o-the-wisp

Illustrated notes

Levels and vault maps discovered:
D:1:      tarquinn_simple_flora_water_d, layout_loops_cross,
          minmay_worlds_worst_comb
D:2:      kennysheep_the_goblin_king, layout_loops_corners,
          corexii_corridor_pit, minmay_crystal_water
D:3:      layout_basic, marbit_many_paths, nicolae_qazlal_style_of_elements,
          uniq_jessica, uniq_natasha
D:4:      layout_layer_cave, okawaru_ov_weapons_minmay, uniq_edmund
D:5:      cheibrodos_fzero, layout_loops_ring, basic_altar,
          minmay_manual_monstrance
D:6:      layout_basic, lemuel_crystal_altar, hangedman_ru_absence, basic_altar
D:7:      layout_cave_pools, cheibrodos_ashenzari_chains,
          minmay_temple_entry_glassed_door, hangedman_decor_clover_reticule,
          lemuel_centaur_altar
D:8:      layout_gridville, zin_angel, special_room [special_room_kobold],
          nicolae_water_bricks
D:9:      layout_roguey, serial_bayou, serial_bayou_pond_a, serial_bayou_pond_c,
          serial_bayou_crossing, serial_bayou_lagoon_a,
          lemuel_mausoleum_altar_yredelemnul, uniq_erica
D:10:     layout_loops_cross, david_lair_shrubbed, nicolae_island_escapes,
          uniq_maurice, uniq_nergalle
D:11:     layout_loops_ring, ebering_ghost_funeral_grove,
          lemuel_altar_in_water2, uniq_grum
Lair:1:   layout_gridlike, pond

Skill      XL: |  1  2  3  4  5  6  7  8  9 10 11 12 |
---------------+-------------------------------------+-----
Spellcasting   | 3 6 8 10 | 10.0
Hexes          | 4 5 8 |  8.0
Stealth        | 5 6 8 9 11 13 14 15 | 15.1
Short Blades   | 2 3 5 |  5.6
Ice Magic      | 1 2 |  2.0
Dodging        | 4 5 7 8 10 11 13 | 13.9
Fighting       | 1 3 5 6 7 |  7.1
Transmutations | 3 |  3.6
Earth Magic    | 2 |  2.4

Action                   |  1- 3 |  4- 6 |  7- 9 | 10-12 || total
-------------------------+-------+-------+-------+-------++-------
Melee: Dagger            |   108 |   106 |   282 |   562 ||  1058
Throw: Dart              |     3 |    11 |    24 |    31 ||    69
 Cast: Corona            |     2 |       |       |       ||     2
       Ensorcelled Hiber |     7 |    15 |    29 |   122 ||   173
       Confusing Touch   |       |     2 |     9 |    19 ||    30
       Petrify           |       |       |       |     2 ||     2
Invok: Curse Item        |       |       |     1 |     2 ||     3
Evoke: Wand              |       |       |     2 |     4 ||     6
  Use: Scroll            |     5 |       |     2 |     4 ||    11
       Potion            |       |       |       |     1 ||     1
 Stab: Sleeping          |    16 |    14 |    24 |   104 ||   158
       Confused          |       |     2 |    13 |    17 ||    32
       Distracted        |       |       |       |     2 ||     2
       Petrified         |       |       |       |     2 ||     2
Armor: Robe              |    10 |    10 |    14 |    15 ||    49
Dodge: Dodged            |    79 |    80 |   218 |   455 ||   832

Table legend: (Time is in decaauts)
 A = Elapsed time spent in this place.
 B = Non-inter-level travel time spent in this place.
 C = Inter-level travel time spent in this place.
 D = Time resting spent in this place.
 E = Time spent auto-exploring this place.
 F = Levels seen in this place.
 G = Mean time per level.
                   A        B        C        D        E       F      G
               +--------+--------+--------+--------+--------+-----+--------+
         Total |  13126 |  12732 |    394 |   2513 |   7928 |  12 | 1093.8 |
       Dungeon |  12210 |  11823 |    387 |   2264 |   7507 |  11 | 1110.0 |
          Lair |    915 |    909 |      6 |    249 |    421 |   1 |  915.0 |
               +--------+--------+--------+--------+--------+-----+--------+

Top non-repeatable levels by time:
     D:4: 1764 daAuts
     D:8: 1621 daAuts
    D:10: 1424 daAuts
     D:5: 1309 daAuts
    D:11: 1098 daAuts
     D:2: 1076 daAuts
  Lair:1: 915 daAuts
     D:1: 886 daAuts
     D:9: 868 daAuts
     D:7: 840 daAuts
     D:6: 679 daAuts
     D:3: 640 daAuts
